 Dungeon Crawl Stone Soup version 0.27-a0-906-g0a00ce863d (webtiles) character file.

Game seed: 17091634409593379755

48 CowFu the Insei (level 3, 0/28 HPs)
             Began as a Draconian Transmuter on Apr 8, 2021.
             Was a Believer of Kikubaaqudgha.
             Slain by Grinder (4 damage)
             ... on level 3 of the Dungeon.
             The game lasted 00:03:09 (2270 turns).

CowFu the Insei (Draconian Transmuter)              Turns: 2270, Time: 00:03:09

Health: 0/28       AC:  5    Str: 12    XL:     3   Next: 50%
Magic:  6/6        EV: 12    Int: 13    God:    Kikubaaqudgha [**....]
Gold:   22         SH:  0    Dex: 12    Spells: 5/6 levels left

rFire    . . .     SeeInvis .     - Unarmed
rCold    . . .     Faith    .   (no shield)
rNeg     . . .     Spirit   .   (armour unavailable)
rPois    .         Reflect  .   (helmet currently unavailable)
rElec    .         Harm     .   (no cloak)
rCorr    .         Rampage  .   (no gloves)
Will     .....                  (boots currently unavailable)
Stlth    +.........             (no amulet)
HPRegen  0.09/turn              (no ring)
MPRegen  0.10/turn              (no ring)

@: appendages (expiring)
A: horns 2, talons 2, AC +5, unfitting armour, cold-blooded
a: End Transformation, Renounce Religion, Receive Corpses


You were on level 3 of the Dungeon.
You worshipped Kikubaaqudgha.
Kikubaaqudgha was pleased with you.
You had temporarily grown beastly horns and talons.
You visited 1 branch of the dungeon, and saw 3 of its levels.

You collected 102 gold pieces.
You spent 80 gold pieces at shops.

Inventory:

Scrolls
 a - 2 scrolls of magic mapping {unknown}
 c - 3 scrolls of noise {unknown}
 d - a scroll of enchant weapon {unknown}
 f - a scroll of identify {unknown}
 g - 2 scrolls of brand weapon {unknown}
 h - a scroll of torment {unknown}
Potions
 b - a potion of flight {unknown}
 e - 2 potions of curing
 i - a potion of lignification {unknown}
 j - a potion of heal wounds


   Skills:
 - Level 1.1 Fighting
 - Level 1.7 Dodging
 + Level 3.8 Unarmed Combat
 - Level 2.0 Spellcasting
 + Level 3.1 Transmutations


You had 5 spell levels left.
You knew the following spells:

 Your Spells              Type           Power      Damage    Failure   Level
a - Beastly Appendage     Tmut           18%        N/A       7%          1

Your spell library contained the following spells:

 Spells                   Type           Power      Damage    Failure   Level
 Wereblood                Tmut           9%         N/A       11%         2
 Animate Skeleton         Necr           2%         N/A       26%         1
 Pain                     Necr           4%         1d4       26%         1
 Sublimation of Blood     Necr           0%         N/A       36%         2
 Spider Form              Tmut/Pois      2%         N/A       38%         3
 Vampiric Draining        Necr           0%         2d6       58%         3
 Ice Form                 Ice/Tmut       5%         N/A       80%         4
 Hydra Form               Tmut           4%         N/A       89%         5


Dungeon Overview and Level Annotations

Branches:
Dungeon (3/15)

Altars:
Kikubaaqudgha

Shops:
D:2 ![(:(

Annotations:
D:3 Grinder


Innate Abilities, Weirdness & Mutations

You have temporarily grown beastly horns and talons.
Your plain brown scales are hard. (AC +5)
You cannot fit into any form of body armour.
You are cold-blooded and may be slowed by cold attacks.


Message History

Your tail-slap misses the giant cockroach.
The giant cockroach is moderately wounded.
The giant cockroach misses you.
You hit the giant cockroach.
You kill the giant cockroach!
Kikubaaqudgha accepts your kill.
You closely miss Grinder. You punch Grinder.
Grinder is moderately wounded.
Grinder gestures at you.
You barely resist. You closely miss Grinder. Your kick misses Grinder.
Grinder is moderately wounded.
Grinder barely misses you.
You closely miss Grinder. Your kick misses Grinder.
Grinder is moderately wounded.
Grinder hits you but does no damage.
You hit Grinder. Your kick misses Grinder.
Grinder is moderately wounded.
Grinder hits you.
You barely miss Grinder. You claw Grinder, but do no damage.
You tail-slap Grinder.
Grinder is moderately wounded.
Grinder hits you.
You writhe in agony.
You closely miss Grinder. You claw Grinder.
Grinder is moderately wounded.
Your transformation is almost over.
Grinder hits you.
You writhe in agony.
You are too injured to fight recklessly!
You are too injured to fight recklessly!
You hit Grinder. You claw Grinder. You headbutt Grinder.
Your tail-slap misses Grinder.
Grinder is severely wounded.
Grinder misses you.
You barely miss Grinder. You claw Grinder.
Grinder is severely wounded.
Grinder hits you!
* * * LOW HITPOINT WARNING * * *
You writhe in agony.
You die...
Kikubaaqudgha rasps: "You have failed me!
Welcome... death!"

#=######
#....@.#
#..?†5......#
#.....?....##
#......###.#
#....### ..
#.... . #....
#....


You could see Grinder.

Vanquished Creatures
  An adder (D:2)
  3 worms (D:2)
  2 ball pythons
  3 endoplasms
  2 giant cockroaches
  7 hobgoblins
  4 bats
  3 frilled lizards
  A goblin (D:1)
  A kobold (D:1)
  4 rats (D:1)
31 creatures vanquished.

Notes
Turn   | Place    | Note
-------+----------+-------------------------------------------
     0 | D:1      | CowFu the Draconian Transmuter began the quest for the Orb.
     0 | D:1      | Reached XP level 1. HP: 16/16 MP: 3/3
    16 | D:1      | Found a faded altar of an unknown god.
    38 | D:1      | Became a worshipper of Kikubaaqudgha
    38 | D:1      | Reached * piety under Kikubaaqudgha
    38 | D:1      | Identified Kikubaaqudgha's Papyrus of Darkness
                  | (Kikubaaqudgha gifted it to you on level 1 of the Dungeon)
    38 | D:1      | Received a gift from Kikubaaqudgha
   513 | D:1      | Reached XP level 2. HP: 20/23 MP: 3/5
  1109 | D:2      | Found Zuituputh's Antique Armour Boutique.
  1111 | D:2      | Found Haffico's Antique Weapon Shop.
  1405 | D:2      | Found Asmimawi's Book Boutique.
  1496 | D:2      | Reached ** piety under Kikubaaqudgha
  1497 | D:2      | Reached XP level 3. HP: 27/28 MP: 4/6
  1765 | D:2      | Found Bofayg's Distillery.
  1933 | D:2      | Found Ihyar's Weapon Emporium.
  2123 | D:2      | Bought a potion of curing for 30 gold pieces
  2123 | D:2      | Bought a potion of heal wounds for 50 gold pieces
  2256 | D:3      | Noticed Grinder
  2270 | D:3      | Slain by Grinder

Illustrated notes

Levels and vault maps discovered:
D:1:      dpeg_arrival_simpleton_c, layout_basic, basic_ecumenical_altar,
          minivault_26
D:2:      layout_loops_corners, serial_shops, shop, shop,
          nicolae_shop_waterfront, nicolae_shop_stone, shop
D:3:      layout_rooms, serial_shops, shop_coins, uniq_grinder

Skill      XL: |  1  2  3 |
---------------+----------+-----
Transmutations | 3 |  3.1
Fighting       | |  1.1
Dodging        | |  1.7
Unarmed Combat | |  3.8
Spellcasting   | |  2.0

Action                   || total
-------------------------++-------
Melee: Unarmed           ||    86
       Kick              ||    20
       Headbutt          ||    13
       Tailslap          ||     6
       Punch             ||     1
 Cast: Beastly Appendage ||    29
Armor: Skin              ||    17
Dodge: Dodged            ||    42

Table legend: (Time is in decaauts)
 A = Elapsed time spent in this place.
 B = Non-inter-level travel time spent in this place.
 C = Inter-level travel time spent in this place.
 D = Time resting spent in this place.
 E = Time spent auto-exploring this place.
 F = Levels seen in this place.
 G = Mean time per level.
                   A        B        C        D        E       F      G
               +--------+--------+--------+--------+--------+-----+--------+
         Total |   2265 |   2195 |     70 |      0 |   1986 |   3 |  755.0 |
       Dungeon |   2265 |   2195 |     70 |      0 |   1986 |   3 |  755.0 |
               +--------+--------+--------+--------+--------+-----+--------+

Top non-repeatable levels by time:
     D:2: 1248 daAuts
     D:1: 1004 daAuts
     D:3: 12 daAuts
